 Dungeon Crawl Stone Soup version 0.31.0-12-g77e489cdc1 (webtiles) character file.

Game seed: 6959676816834558213

2373 sklod the Protected (level 9, -13/75 HPs)
             Began as a Minotaur Fighter on Feb 28, 2024.
             Was an Initiate of Trog.
             Mangled by an orc warrior
             ... wielding a +0 glaive
              (16 damage)
             ... on level 7 of the Dungeon.
             The game lasted 01:43:47 (4659 turns).

sklod the Protected (Minotaur Fighter)              Turns: 4659, Time: 01:43:47

Health: -13/75     AC: 12    Str: 22 (23) XL:     9   Next: 21%
Magic:  0/11       EV:  8    Int:  4      God:    Trog [......]
Gold:   417        SH: 12    Dex: 14 (15) Spells: 7/13 levels left

rFire   . . .        a - +0 flail (heavy)
rCold   . . .        P - +2 kite shield
rNeg    . . .        U - +0 chain mail
rPois   .            (helmet restricted)
rElec   .            B - +0 cloak
rCorr   .            (no gloves)
SInv    .            (no boots)
Will    +....        s - amulet of guardian spirit Stlth
                     W - ring of willpower
HPRegen 0.32/turn    (no ring)
MPRegen 0.12/turn

%: guardian spirit
@: invisible (expiring)
A: horns 2, retaliatory headbutt, agile 1, deterioration 1, inability to drink
after injury 1
a: Renounce Religion


You were on level 7 of the Dungeon.
You worshipped Trog.
Trog was noncommittal.
You visited 2 branches of the dungeon, and saw 8 of its levels.

You collected 417 gold pieces.

Inventory:

Hand Weapons
 a - a +0 heavy flail (weapon)
 d - a +0 dagger
 e - a +0 dagger
 g - a +0 dagger
 j - a +0 whip
 k - a +0 club
 p - a +0 dagger
 r - a +0 war axe
 v - a +1 whip of electrocution
 x - a +0 mace
 F - a +2 quarterstaff of chaos
 G - the +0 hammer of Wetuvvuf {pain, rN+ SInv}
   (You found it on level 3 of the Dungeon)

   rN+:       It protects you from negative energy.
   SInv:      It lets you see invisible.
 L - a +0 short sword
 O - a +4 spear
Missiles
 i - 28 stones
 t - 30 poisoned darts
Armour
 b - a +0 scale mail
 c - a +0 buckler
 l - a +0 ring mail
 o - a +0 animal skin
 u - a +0 scale mail
 w - a +0 kite shield
 z - a +0 ring mail
 B - a +0 cloak (worn)
 H - a +0 leather armour
 K - a +0 ring mail
 M - a +0 robe
 N - a scarf of resistance
 P - a +2 kite shield (worn)
 U - a +0 chain mail (worn)
Magical Staves
 m - a staff of alchemy
Jewellery
 s - an amulet of guardian spirit (around neck)
 E - an amulet of reflection
 T - the ring of Illu {^Contam rPois rF+ Int+9 Dex-3}
   (You found it on level 6 of the Dungeon)

   [ring of protection from fire]

   Int+9:     It affects your intelligence (+9).
   Dex-3:     It affects your dexterity (-3).
   rF+:       It protects you from fire.
   rPois:     It protects you from poison ^Contam: It causes magical
   contamination when unequipped.
 W - a ring of willpower (left hand)
Talismans
 J - a maw talisman
Wands
 S - a wand of flame (8)
Scrolls
 h - 2 scrolls of amnesia
 n - 3 scrolls of teleportation
 q - 2 scrolls of blinking
 y - a scroll of noise
 A - a scroll of torment
 R - a scroll of vulnerability
 V - a scroll of butterflies {unknown}
Potions
 f - 4 potions of degeneration
 D - 3 potions of curing (quivered) {unknown}
 I - 3 potions of enlightenment {unknown}


   Skills:
 - Level 6.1 Fighting
 + Level 7.8 Maces & Flails
 + Level 8.3 Armour
 - Level 2.8 Dodging
 - Level 0.8 Stealth
 - Level 7.5 Shields
 - Level 2.5 Spellcasting
 - Level 0.7 Evocations


You had 7 spell levels left.
You knew the following spells:

 Your Spells              Type           Power      Damage    Failure   Level
a - Animate Dead          Necr           0%         N/A       100%        4
b - Call Imp              Summ           0%         N/A       100%        2

Your spell library contained the following spells:

 Spells                   Type           Power      Damage    Failure   Level
 Apportation              Tloc           0%         N/A       99%         1
 Kiss of Death            Conj/Necr      0%         2d5       99%         1
 Magic Dart               Conj           0%         1d3       99%         1
 Necrotise                Necr           0%         1d4       99%         1
 Sandblast                Erth           0%         2d4       99%         1
 Sting                    Conj/Alch      0%         1d3       99%         1
 Summon Small Mammal      Summ           0%         N/A       99%         1
 Cigotuvi's Dreadful Rot  Necr/Alch/Air  0%         N/A       100%        2
 Ensorcelled Hibernation  Hex/Ice        0%         N/A       100%        2
 Searing Ray              Conj           0%         2d4       100%        2
 Call Canine Familiar     Summ           0%         N/A       100%        3
 Fugue of the Fallen      Necr           0%         N/A       100%        3
 Passwall                 Erth           0%         N/A       100%        3
 Stone Arrow              Conj/Erth      0%         3d7       100%        3
 Summon Ice Beast         Ice/Summ       0%         N/A       100%        3
 Vampiric Draining        Necr           0%         2d6       100%        3
 Anguish                  Hex/Necr       0%         N/A       100%        4
 Brom's Barrelling Bould  Conj/Erth      0%         2d3       100%        4
 Fulminant Prism          Conj/Alch      0%         3d5       100%        4
 Summon Blazeheart Golem  Fire/Summ      0%         N/A       100%        4
 Summon Mana Viper        Hex/Summ       0%         N/A       100%        5


Dungeon Overview and Level Annotations

Branches:
Dungeon (7/15)             Temple (1/1) D:7

Altars:
Ashenzari
Cheibriados
Elyvilon
Gozag
Kikubaaqudgha
Makhleb
Nemelex Xobeh
Okawaru
Qazlal
Ru
Sif Muna
Trog
Uskayaw
Vehumet
Wu Jian
Xom
Yredelemnul
The Shining One

Shops:
D:1 =

Annotations:
D:1 2 runed translucent doors
D:7 2 transporters, mrw0lf's ghost, novice GnCK


Innate Abilities, Weirdness & Mutations

You have a pair of horns on your head.
You reflexively headbutt those who attack you in melee.
You are agile. (Dex +4, Str/Int -1)
Your body sometimes deteriorates upon taking damage.
You occasionally lose the ability to drink potions when taking damage.


Message History

You thump the orc priest!
The orc priest is severely wounded.
The orc priest hits you with a +0 club.
* * * LOW HITPOINT WARNING * * *
Something hits you but does no damage. x2
You hit the orc warrior but do no damage.
You block the orc priest's attack.
You are too injured to fight recklessly!
You are too injured to fight recklessly!
You hit the orc warrior.
The orc warrior is lightly wounded.
You block the orc warrior's attack. The orc priest completely misses you.
You furiously retaliate!
You headbutt the orc priest. You block the orc warrior's attack.
You thump the orc warrior!
The orc warrior is moderately wounded.
The orc warrior barely misses you. x2; You block the orc priest's attack.
You hit the orc priest.
You kill the orc priest!
Trog accepts your kill.
Kikubaaqudha cackles.
A spectral orc priest comes into view.
The orc warrior hits you with a +0 glaive!!
* * * LOW HITPOINT WARNING * * *
You closely miss the orc warrior. Your headbutt misses the orc warrior.
The orc warrior is moderately wounded.
The orc warrior barely misses you. You furiously retaliate!
You headbutt the orc warrior, but do no damage.
Something hits you but does no damage. The orc warrior barely misses you.
You completely miss the orc warrior.
The orc warrior is moderately wounded.
You flicker for a moment.
You block the orc warrior's attack. Something hits you but does no damage.
You block something's attack.
The orc warrior hits you but does no damage.
You hit the orc warrior but do no damage.
You headbutt the orc warrior!
The orc warrior is severely wounded.
The orc warrior hits you with a +0 glaive!
You die...

!y©?$## #..# #.#
#########..#####.# ...#
..©..............# ...#
......#..>######## ....
##.#.##...#......# ..#
#.#........####.#...#
#.####........#.#...###
#[####....###§#§{§.....
..##..........§@oZ.....
#####......###§#########
......)....# #>#
#####....#.# #.#
###.##.# #.# #.##.###.#
#.#......## #.#.......#
#.#.......#


You could see a spectral orc priest and an orc warrior (unable to see you).

Vanquished Creatures
  A wyvern (D:7)
  2 water moccasins
  An ice beast (D:5)
  An orc warrior (D:6)
  An ogre (D:6)
  The ghost of diceflayer the Chopper, an amateur DsFi (D:3)
  4 phantoms (D:4)
  2 kobold brigands
  2 bullfrogs (D:7)
  Blork the orc (D:4)
  3 scorpions
  A water moccasin skeleton (D:4)
  2 howler monkeys
  A bullfrog zombie (D:4)
  Crazy Yiuf (D:3)
  3 orc priests
  A gnoll bouda (D:6)
  A hound (D:5)
  A centaur skeleton (D:4)
  A sleepcap (D:5)
  Jessica (D:2)
  An iguana (D:5)
  5 scorpion zombies (D:4)
  A hound zombie (D:4)
  Robin (D:2)
  A howler monkey skeleton (D:4)
  5 gnolls (D:6)
  8 adders
  A white imp (D:6)
  2 ufetubi (D:5)
  An adder skeleton (D:4)
  An adder zombie (D:4)
  3 dart slugs
  A ribbon worm (D:3)
  19 orcs
  6 ball pythons
  4 bats
  9 endoplasms
  2 giant cockroaches
  16 goblins
  5 hobgoblins
  11 jackals
  3 quokkas
  5 frilled lizards
  A jackal zombie (D:4)
  14 kobolds
  5 rats
  A butterfly (D:7)
164 creatures vanquished.

Notes
Turn   | Place    | Note
-------+----------+-------------------------------------------
     0 | D:1      | sklod the Minotaur Fighter began the quest for the Orb.
     0 | D:1      | Reached XP level 1. HP: 19/19 MP: 0/0
   107 | D:1      | Reached XP level 2. HP: 19/27 MP: 1/1
   112 | D:1      | Reached skill level 4 in Armour
   145 | D:1      | Found a large runed translucent door.
   146 | D:1      | Found a large runed translucent door.
   276 | D:1      | Found Baer's Jewellery Emporium.
   613 | D:2      | Reached XP level 3. HP: 33/33 MP: 2/2
   657 | D:2      | Noticed Robin
   684 | D:2      | Killed Robin
   687 | D:2      | Reached XP level 4. HP: 19/40 MP: 3/3
  1068 | D:2      | Noticed Jessica
  1071 | D:2      | Killed Jessica
  1072 | D:2      | Reached skill level 5 in Armour
  1089 | D:2      | Reached skill level 1 in Dodging
  1157 | D:2      | Reached XP level 5. HP: 40/47 MP: 4/4
  1790 | D:3      | Found a faded altar of an unknown god.
  1812 | D:3      | Prayed at the altar of an unknown god.
  1812 | D:3      | Became a worshipper of Nemelex Xobeh the Trickster
  1812 | D:3      | Reached * piety under Nemelex Xobeh
  1812 | D:3      | Received a gift from Nemelex Xobeh
  1852 | D:3      | Found a runed translucent door.
  1853 | D:3      | Noticed Crazy Yiuf
  1860 | D:3      | Killed Crazy Yiuf
  1866 | D:3      | Identified the +0 hammer of Wetuvvuf {pain, rN+ SInv}
  1970 | D:3      | Found a radiant altar of Vehumet.
  1986 | D:3      | Found an ancient bone altar of Kikubaaqudgha.
  1990 | D:3      | Fell from the grace of Nemelex Xobeh
  1990 | D:3      | Became a worshipper of Kikubaaqudgha
  2033 | D:3      | Got Ecleaj's Papyrus of the Familiar
  2248 | D:3      | Found a runed translucent gate.
  2249 | D:3      | Found a runed translucent gate.
  2249 | D:3      | Noticed diceflayer's ghost (amateur DsFi)
  2250 | D:3      | Found a runed translucent gate.
  2274 | D:3      | Killed diceflayer's ghost
  2275 | D:3      | Reached XP level 6. HP: 45/53 MP: 3/5
  2411 | D:4      | Noticed Blork the orc
  2446 | D:4      | HP: 2/53 [Blork the orc/puff of flame (5)]
  2447 | D:4      | Killed Blork the orc
  2447 | D:4      | Reached * piety under Kikubaaqudgha
  2447 | D:4      | Received a gift from Kikubaaqudgha
  2453 | D:4      | HP: 1/53 [scorpion zombie (1)]
  2456 | D:4      | Reached skill level 5 in Shields
  2465 | D:4      | Reached skill level 6 in Armour
  2573 | D:4      | Found a broken altar of Ashenzari.
  2622 | D:4      | Reached skill level 5 in Fighting
  2622 | D:4      | Reached skill level 5 in Maces & Flails
  2622 | D:4      | Reached XP level 7. HP: 45/61 MP: 6/6
  2761 | D:4      | Reached XP level 8. HP: 63/69 MP: 7/7
  2826 | D:5      | Entered Level 5 of the Dungeon
  3121 | D:5      | Reached skill level 7 in Armour
  3318 | D:6      | Reached ** piety under Kikubaaqudgha
  3452 | D:6      | Found a sparkling altar of Nemelex Xobeh.
  3470 | D:6      | XOM: give mutations
  3470 | D:6      | Gained mutation: Your body sometimes deteriorates upon
                  | taking damage. [Xom's mischief]
  3470 | D:6      | Gained mutation: You are agile. (Dex +4, Str/Int -1) [Xom's
                  | mischief]
  3470 | D:6      | Gained mutation: You occasionally lose the ability to drink
                  | potions when taking damage. [Xom's mischief]
  3514 | D:6      | Learned a level 4 spell: Animate Dead
  3526 | D:6      | Learned a level 2 spell: Call Imp
  3733 | D:6      | Identified the ring of Illu {^Contam rPois rF+ Int+9 Dex-3}
  3833 | D:6      | Reached skill level 1 in Spellcasting
  4086 | D:7      | Noticed a hornet
  4089 | D:7      | Noticed mrw0lf's ghost (novice GnCK)
  4092 | D:7      | Noticed a queen bee
  4159 | D:7      | Found a transporter.
  4164 | D:7      | Found a transporter.
  4259 | D:7      | Found a staircase to the Ecumenical Temple.
  4267 | Temple   | Entered the Ecumenical Temple
  4320 | Temple   | Fell from the grace of Kikubaaqudgha
  4320 | Temple   | Became a worshipper of Trog the Wrathful
  4360 | D:7      | Reached XP level 9. HP: 73/75 MP: 9/11
  4490 | D:7      | Reached skill level 8 in Armour
  4656 | D:7      | HP: 2/75 [orc warrior/+0 glaive (16)]
  4659 | D:7      | Mangled by an orc warrior

Illustrated notes

Levels and vault maps discovered:
D:1:      erik_arrival_cave_to_civilisation [erik_arrival_cave_to_temple],
          layout_loops_ring, serial_shops, nicolae_shop_trees
D:2:      layout_basic, uniq_robin, uniq_jessica
D:3:      layout_loops_ring, jmf_multi_god_temple2,
          dreamdust_ecumenical_altar_statues, biasface_ghost_orc_armoury,
          uniq_crazy_yiuf_cottage
D:4:      layout_rooms, lemuel_doored_altar, serial_undead, serial_undead_c,
          serial_undead_c, serial_undead_b, serial_undead_b, serial_undead_f,
          serial_undead_a, serial_undead_b, serial_undead_d,
          serial_bayou_pond_a, dreamdust_wishing_well, uniq_blork_the_orc
D:5:      layout_basic, palyth_stone_intersect
D:6:      layout_basic, nemelex_diamond_rough_becter, supply_closet_lemuel
D:7:      layout_basic, overflow_temple_1_default, amcnicky_altar_gilded,
          minmay_temple_entry_butterflies, gammafunk_ghost_hive
Temple:   nicolae_temple_superstar

Skill      XL: |  1  2  3  4  5  6  7  8  9 |
---------------+----------------------------+-----
Armour         | 4 5 6 7 8 |  8.3
Maces & Flails | 3 4 5 7 |  7.8
Fighting       | 4 5 6 |  6.1
Shields        | 4 5 6 7 |  7.5
Dodging        | 1 2 |  2.8
Spellcasting   | 2 |  2.5
Stealth        | |  0.8
Evocations     | |  0.7

Action                     |  1- 3 |  4- 6 |  7- 9 || total
---------------------------+-------+-------+-------++-------
  Melee: Flail             |    92 |    33 |    80 ||   205
         Headbutt          |    10 |    28 |    41 ||    79
         Whip              |       |    51 |       ||    51
         Mace              |       |    77 |   134 ||   211
 Invoke: Unearth Wretches  |       |       |     1 ||     1
  Evoke: Wand              |       |    11 |     4 ||    15
    Use: Scroll            |     4 |     5 |     3 ||    12
         Potion            |     3 |     5 |     2 ||    10
   Stab: Paralysed         |       |       |     1 ||     1
 Armour: Scale mail        |   106 |   150 |    60 ||   316
         Chain mail        |       |       |    74 ||    74
         Skin              |       |       |     1 ||     1
  Dodge: Dodged            |    60 |    87 |    56 ||   203
  Block: Buckler           |    28 |     9 |       ||    37
         Kite shield       |       |    93 |   137 ||   230
